 Dungeon Crawl Stone Soup version 0.28.0-1-gb440e238dd (webtiles) character file.

Game seed: 1786198343476349965

3656 mortz the Carver (level 10, -2/81 HPs)
             Began as a Gnoll Cinder Acolyte on Feb 27, 2022.
             Was a Follower of Ignis.
             Slain by an orc warrior (13 damage)
             ... on level 8 of the Dungeon.
             The game lasted 01:17:53 (10508 turns).

mortz the Carver (Gnoll Cinder Acolyte)            Turns: 10508, Time: 01:17:53

Health: -2/81      AC:  6    Str: 14    XL:     10   Next: 12%
Magic:  6/18       EV: 13    Int: 17    God:    Ignis [*.....]
Gold:   112        SH:  0    Dex: 10    Spells: 15/20 levels left

rFire   + . .      SeeInvis .   M - +7 falchion {long}
rCold   . . .      Faith    .   (no shield)
rNeg    . . .      Spirit   .   m - +0 robe of Atefreg {rPois rCorr Dex+2}
rPois   +          Reflect  .   (no helmet)
rElec   .          Harm     .   A - +0 cloak
rCorr   +          Rampage  .   C - +2 pair of gloves
Will    .....                   (no boots)
Stlth   +++.......              D - amulet of regeneration {@e2}
HPRegen 1.03/turn               (no ring)
MPRegen 0.16/turn               (no ring)

@: no status effects
A: fangs 1, strong nose, distributed training
a: Renounce Religion, Fiery Armour, Foxfire Swarm, Rising Flame


You were on level 8 of the Dungeon.
You worshipped Ignis.
Ignis was aware of your devotion.
You visited 1 branch of the dungeon, and saw 8 of its levels.

You collected 374 gold pieces.
You spent 262 gold pieces at shops.


Innate Abilities, Weirdness & Mutations

You have very sharp teeth.
Your uncanny sense of smell can sniff out nearby items.
Your experience applies equally to all skills.


   Skills:
 + Level 8.3 Fighting
 + Level 5.0 Short Blades
 + Level 8.3 Long Blades
 + Level 5.0 Axes
 + Level 5.0 Maces & Flails
 + Level 5.0 Polearms
 + Level 5.0 Staves
 + Level 5.0 Slings
 + Level 5.0 Bows
 + Level 5.0 Crossbows
 + Level 5.0 Throwing
 + Level 5.0 Armour
 + Level 5.0 Dodging
 + Level 5.0 Stealth
 + Level 5.0 Shields
 + Level 5.0 Unarmed Combat
 + Level 5.8 Spellcasting
 + Level 4.1 Conjurations
 + Level 4.1 Hexes
 + Level 4.1 Summonings
 + Level 4.1 Necromancy
 + Level 4.1 Translocations
 + Level 4.1 Transmutations
 + Level 6.9 Fire Magic
 + Level 4.1 Ice Magic
 + Level 4.1 Air Magic
 + Level 4.1 Earth Magic
 + Level 4.1 Poison Magic
 + Level 5.4 Invocations
 + Level 5.0 Evocations


You had 15 spell levels left.
You knew the following spells:

 Your Spells              Type           Power      Damage    Failure   Level
a - Scorch                Fire           56%        2d7       1%          2
b - Magic Dart            Conj           72%        1d6       2%          1
c - Searing Ray           Conj           36%        2d5       3%          2

Your spell library contained the following spells:

 Spells                   Type           Power      Damage    Failure   Level
 Animate Skeleton         Necr           36%        N/A       2%          1
 Apportation              Tloc           36%        N/A       2%          1
 Summon Small Mammal      Summ           72%        N/A       2%          1
 Conjure Flame            Conj/Fire      23%        6-21      4%          3
 Ignite Poison            Fire/Tmut/Pois 22%        N/A       4%          3
 Portal Projectile        Hex/Tloc       36%        N/A       8%          3
 Sticky Flame             Conj/Fire      23%        2d4       14%         4
 Fulminant Prism          Conj/Hex       9%         3d7       24%         4
 Blade Hands              Tmut           9%         N/A       56%         5
 Excruciating Wounds      Necr           9%         N/A       56%         5

Inventory:

Hand Weapons
 a - a -1 falchion of flaming {long}
 b - a +0 dagger of venom {short}
   (You took it off a kobold brigand on level 8 of the Dungeon)
 h - a +4 hand axe {axe}
   (You took it off a wight on level 5 of the Dungeon)
 I - the +1 dagger of the Scorpion {venom, Int+2, short}
   (You found it on level 5 of the Dungeon)

   It poisons the flesh of those it strikes.
   Int:       It affects your intelligence (+2).
 J - a +4 dagger of freezing {short}
   (You took it off a wight on level 5 of the Dungeon)
 K - a +4 trident {polearm}
   (You took it off a wight on level 6 of the Dungeon)
 L - a +5 spear {polearm}
   (You took it off a wight on level 6 of the Dungeon)
 M - a +7 falchion (weapon) {long}
   (You took it off a wight on level 5 of the Dungeon)
 S - a +5 spear of venom {polearm}
   (You took it off a gnoll sergeant on level 7 of the Dungeon)
Missiles
 c - a curare-tipped dart {=fthrowing}
 j - 12 poisoned darts {throwing}
 s - 4 javelins {throwing}
 u - 7 boomerangs {throwing}
 O - 2 throwing nets {=f!fthrowing}
Armour
 k - a +0 ring mail
   (You took it off an orc on level 2 of the Dungeon)
 m - the +0 robe of Atefreg (worn) {rPois rCorr Dex+2}
   (You found it on level 7 of the Dungeon)

   Dex:       It affects your dexterity (+2).
   rPois:     It protects you from poison.
   rCorr:     It protects you from acid and corrosion.
 A - a +0 cloak (worn)
   (You found it on level 4 of the Dungeon)
 C - a +2 pair of gloves (worn)
   (You found it on level 4 of the Dungeon)
 R - a +2 chain mail of poison resistance
   (You took it off an orc on level 7 of the Dungeon)
Jewellery
 q - the ring "Uhuenax" {rPois rF+ rCorr MP-9 Dex+5}
   (You found it on level 3 of the Dungeon)

   [ring of protection from fire]

   Dex:       It affects your dexterity (+5).
   rF:        It protects you from fire.
   rPois:     It protects you from poison.
   MP:        It affects your magic capacity (-9).
   rCorr:     It protects you from acid and corrosion.
 D - an amulet of regeneration (around neck) {@e2}
   (You took it off a hobgoblin on level 4 of the Dungeon)
Wands
 y - a wand of polymorph (20)
   (You found it on level 5 of the Dungeon)
 B - a wand of acid (9)
   (You found it on level 6 of the Dungeon)
Scrolls
 l - a scroll of fog {unknown}
 n - 3 scrolls of enchant weapon
 p - 2 scrolls of holy word
 r - a scroll of blinking {unknown}
 v - a scroll of magic mapping {unknown}
 w - 3 scrolls of amnesia
 G - 3 scrolls of fear
Potions
 g - 4 potions of flight
 o - a potion of might {unknown}
 t - a potion of heal wounds {unknown}
 x - a potion of lignification {unknown}
 z - a potion of degeneration {unknown}
 F - 2 potions of haste {@q3}
 H - a potion of resistance {unknown}
 P - 2 potions of curing {@q1}
 T - 2 potions of ambrosia {unknown}

Dungeon Overview and Level Annotations

Branches:
Dungeon (8/15)             Temple (0/1) D:4
   Lair: D:8-11

Altars:
Ashenzari
Elyvilon
Gozag
Hepliaklqana
Sif Muna
Trog
Xom
Zin

Shops:
D:6 (??:[

Annotations:
D:7 3 runed translucent doors, Anonymone's ghost, novice DsVM

...#..###.##+####.##..
#.#..###.##.####.##.. ∆
∆#....................
##.#)..........>......
#..#..................
#K.##.).###...##..#####
#..##....###...#######..
#K.##...)..#.............
#K###...o@..+.............
#K# #..<(.<.##..###..###..
#.#
∆#.#.....##..###..##### .o
#.########............
#.#.....##..(.........
#.)...................
#.....................
.......##..###.###..####..
.########..###.####'######


You could see an orc warrior.


Message History

b - a +0 dagger of venom {short}
j - 12 poisoned darts {throwing} (gained 2)
c - a curare-tipped dart {=fthrowing}
Items here: )) ††.
An orc warrior comes into view. It is wielding a +0 mace.
The orc warrior shouts!
You hear a shout!
Things that are here:
a +0 dagger of venom {short}; a +0 short sword {short}
Items here: )) ††.
Aiming: Magic Dart (safe; 2% risk of failure)
Press: ? - help, Q - select action, (/) - cycle Shift-Dir - straight line, f - orc warrior
Aim: an orc warrior, wielding a +0 mace and wearing a +0 plate armour (100% to hit)
The magic dart hits the orc warrior but does no damage. 😎 MP[-1]
You lost 1 mp, and now have 17/18 mp.
Aiming: Magic Dart (safe; 2% risk of failure)
Press: ? - help, Q - select action, (/) - cycle Shift-Dir - straight line, f/p - orc warrior
Aim: an orc warrior, wielding a +0 mace and wearing a +0 plate armour (100% to hit)
The magic dart hits the orc warrior but does no damage.
An orc priest comes into view.
It is wielding a +0 short sword. 😎 MP[-1]
You lost 1 mp, and now have 16/18 mp.
Aiming: Magic Dart (safe; 2% risk of failure)
Press: ? - help, Q - select action, (/) - cycle Shift-Dir - straight line, f/p - orc warrior
Aim: an orc warrior, wielding a +0 mace and wearing a +0 plate armour (100% to hit)
The magic dart hits the orc warrior but does no damage. 😎 MP[-1]
You lost 1 mp, and now have 15/18 mp.
You completely miss the orc warrior. Your bite misses the orc warrior.
The orc warrior closely misses you.
You barely miss the orc warrior. You closely miss the orc warrior.
The orc warrior hits you with a +0 mace! 😕 HP[-10] MP[+1]
You take 10 damage, and now have 71/81 hp.
You closely miss the orc warrior.
You bite the orc warrior, but do no damage.
The orc warrior hits you with a +0 mace! 😮 HP[-16]
You take 16 damage, and now have 55/81 hp.
You completely miss the orc warrior.
The orc warrior closely misses you. 😮 HP[+1]
Casting: Magic Dart (safe; 2% risk of failure)
Confirm with . or Enter, or press ? or * to list all spells.
Aiming: Searing Ray (safe; 3% risk of failure)
Press: ? - help, Shift-Dir - straight line, f - orc priest, p - orc warrior
Aim: an orc priest, wielding a +0 short sword and wearing a +0 leather armour (78% to hit)
The searing ray hits the orc priest. (Press . to maintain the ray.)
The orc warrior closely misses you. 😮 HP[+1] MP[-2]
You lost 2 mp, and now have 14/18 mp.
The searing ray hits the orc priest.
The orc priest closely misses you.
The orc warrior barely misses you. 😮 HP[+1] MP[-1]
You lost 1 mp, and now have 13/18 mp.
The searing ray hits the orc priest!
You kill the orc priest!
The orc warrior hits you with a +0 mace! 😮 HP[-7] MP[-1]
You take 7 damage, and now have 51/81 hp.
You lost 1 mp, and now have 12/18 mp.
Casting: Searing Ray (safe; 3% risk of failure)
Confirm with . or Enter, or press ? or * to list all spells.
Restarting spell: Searing Ray (safe; 3% risk of failure)
Press: ? - help, Shift-Dir - straight line, f - orc warrior
Aim: an orc warrior, wielding a +0 mace and wearing a +0 plate armour (78% to hit)
The searing ray hits the orc warrior but does no damage. (Press . to maintain the ray.)
The orc warrior hits you with a +0 mace!
* * * LOW HITPOINT WARNING * * *
😨 HP[-13] MP[-2]
You take 13 damage, and now have 38/81 hp.
You lost 2 mp, and now have 10/18 mp.
The searing ray misses the orc warrior.
The orc warrior hits you with a +0 mace!
* * * LOW HITPOINT WARNING * * *
😨 HP[-11]
You take 11 damage, and now have 27/81 hp.
The searing ray hits the orc warrior!
The orc warrior hits you with a +0 mace!
* * * LOW HITPOINT WARNING * * *
😨 HP[-6] MP[-1]
You take 6 damage, and now have 21/81 hp.
You lost 1 mp, and now have 9/18 mp.
Casting: Searing Ray (safe; 3% risk of failure)
Confirm with . or Enter, or press ? or * to list all spells.
Restarting spell: Searing Ray (safe; 3% risk of failure)
Press: ? - help, Shift-Dir - straight line, f/p - orc warrior
Aim: an orc warrior, wielding a +0 mace and wearing a +0 plate armour (moderately wounded, 78% to hit)
The searing ray misses the orc warrior. (Press . to maintain the ray.)
The orc warrior hits you with a +0 mace!
* * * LOW HITPOINT WARNING * * *
😱 HP[-11] MP[-2]
You take 11 damage, and now have 10/81 hp.
You lost 2 mp, and now have 7/18 mp.
The searing ray hits the orc warrior but does no damage.
The orc warrior hits you with a +0 mace!
You die...

Skill      XL: |  1  2  3  4  5  6  7  8  9 10 |
---------------+-------------------------------+-----
Short Blades   | 1 2 3 4 5 |  5.0
Axes           | 1 2 3 4 5 |  5.0
Maces & Flails | 1 2 3 4 5 |  5.0
Polearms       | 1 2 3 4 5 |  5.0
Staves         | 1 2 3 4 5 |  5.0
Slings         | 1 2 3 4 5 |  5.0
Bows           | 1 2 3 4 5 |  5.0
Crossbows      | 1 2 3 4 5 |  5.0
Throwing       | 1 2 3 4 5 |  5.0
Armour         | 1 2 3 4 5 |  5.0
Dodging        | 1 2 3 4 5 |  5.0
Stealth        | 1 2 3 4 5 |  5.0
Shields        | 1 2 3 4 5 |  5.0
Unarmed Combat | 1 2 3 4 5 |  5.0
Invocations    | 1 2 3 4 5 |  5.4
Evocations     | 1 2 3 4 5 |  5.0
Spellcasting   | 3 4 5 |  5.8
Conjurations   | 1 2 3 4 |  4.1
Hexes          | 1 2 3 4 |  4.1
Summonings     | 1 2 3 4 |  4.1
Necromancy     | 1 2 3 4 |  4.1
Translocations | 1 2 3 4 |  4.1
Transmutations | 1 2 3 4 |  4.1
Ice Magic      | 1 2 3 4 |  4.1
Air Magic      | 1 2 3 4 |  4.1
Earth Magic    | 1 2 3 4 |  4.1
Poison Magic   | 1 2 3 4 |  4.1
Fighting       | 7 8 |  8.3
Long Blades    | 7 8 |  8.3
Fire Magic     | 6 |  6.9

Action                   |  1- 3 |  4- 6 |  7- 9 | 10-12 || total
-------------------------+-------+-------+-------+-------++-------
Melee: Falchion          |    39 |    77 |    84 |    20 ||   220
       Bite              |     3 |     8 |     8 |     3 ||    22
       Punch             |       |     3 |     2 |     1 ||     6
       Dagger            |       |       |    18 |       ||    18
 Cast: Scorch            |    17 |    42 |   109 |       ||   168
       Magic Dart        |       |       |    59 |    21 ||    80
       Searing Ray       |       |       |    33 |     8 ||    41
Invok: Foxfire Swarm     |       |     1 |     6 |       ||     7
  Use: Scroll            |       |       |    11 |     3 ||    14
 Stab: Sleeping          |       |     1 |     1 |       ||     2
Armor: Robe              |     5 |       |     2 |     5 ||    12
       Leather armour    |       |    35 |    61 |       ||    96
       Ring mail         |       |       |     2 |       ||     2
Dodge: Dodged            |    19 |    59 |   166 |    19 ||   263

Levels and vault maps discovered:
D:1:      dpeg_arrival_arbitrary_a, layout_loops_ring
D:2:      layout_basic, shapermc_ecumenical_altar_starsandcircs,
          nicolae_concentric_dashed_squares_mild, minmay_surrounded,
          uniq_jessica, uniq_terence
D:3:      layout_loops_ring, led_sif_book, chequers_serial_rivers_marsh,
          minmay_misc_feat_four_crosses
D:4:      layout_loops_corners, regret_index_temple_of_mockery,
          minmay_temple_entry_crystal_x, portal_sewer_entry_e
D:5:      nicolae_BIG_FREAKIN_CUBE, layout_basic, nicolae_ashenzari_skybound,
          nicolae_overflow_hidden_temple, mainiacjoe_overflow_small_starburst,
          serial_rivers, chequers_serial_rivers_micro_a,
          chequers_serial_rivers_room_a, chequers_serial_rivers_micro_d,
          chequers_serial_rivers_micro_a, chequers_serial_rivers_room_b
D:6:      layout_basic, mainiacjoe_overflow_cross_hatched, serial_shops,
          nicolae_take_the_stairs, shop, shop, kennysheep_little_box,
          nicolae_stop_n_shop_1, kennysheep_generic_room_2, uniq_sigmund
D:7:      layout_rooms, grunt_temple_overflow_gold_and_silver,
          gammafunk_ghost_nasty_kobolds, minmay_holes
D:8:      minmay_the_grid_octo_tiled_squarecenter [minmay_the_grid_octo_77,
          minmay_the_grid_octo_checkerflower, minmay_the_grid_octo_empty,
          minmay_the_grid_octo_fan_narrow,
          minmay_the_grid_square_5x5_megaprize_open,
          minmay_the_grid_square_5x5_shuriken,
          minmay_the_grid_square_5x5_pentomino_r,
          minmay_the_grid_square_5x5_six_small,
          minmay_the_grid_square_5x5_three], layout_gridville,
          lemuel_zombie_altar_yredelemnul

Notes
Turn   | Place    | Note
-------+----------+-------------------------------------------
     0 | D:1      | mortz the Gnoll Cinder Acolyte began the quest for the Orb.
     0 | D:1      | Reached XP level 1. HP: 23/23 MP: 4/4
     0 | D:1      | magus.rc [v1.9.6]
    37 | D:1      | Reached XP level 2. HP: 28/29 MP: 5/5
    42 | D:1      | Learned a level 2 spell: Scorch
    61 | D:1      | You pick up a book of Cantrips and begin reading...
    61 | D:1      | You add the spells Animate Skeleton, Summon Small Mammal
                  | and Apportation to your library.
   610 | D:1      | Reached XP level 3. HP: 35/35 MP: 1/7
  1246 | D:2      | Noticed Jessica
  1252 | D:2      | Killed Jessica
  1253 | D:2      | Reached skill level 1 in Short Blades
  1253 | D:2      | Reached skill level 1 in Axes
  1253 | D:2      | Reached skill level 1 in Maces & Flails
  1253 | D:2      | Reached skill level 1 in Polearms
  1253 | D:2      | Reached skill level 1 in Staves
  1253 | D:2      | Reached skill level 1 in Slings
  1253 | D:2      | Reached skill level 1 in Bows
  1253 | D:2      | Reached skill level 1 in Crossbows
  1253 | D:2      | Reached skill level 1 in Throwing
  1253 | D:2      | Reached skill level 1 in Armour
  1253 | D:2      | Reached skill level 1 in Dodging
  1253 | D:2      | Reached skill level 1 in Stealth
  1253 | D:2      | Reached skill level 1 in Shields
  1253 | D:2      | Reached skill level 1 in Unarmed Combat
  1253 | D:2      | Reached skill level 1 in Invocations
  1253 | D:2      | Reached skill level 1 in Evocations
  1425 | D:2      | Reached skill level 3 in Spellcasting
  1425 | D:2      | Reached XP level 4. HP: 39/41 MP: 1/8
  1506 | D:2      | Reached skill level 1 in Conjurations
  1506 | D:2      | Reached skill level 1 in Hexes
  1506 | D:2      | Reached skill level 1 in Summonings
  1506 | D:2      | Reached skill level 1 in Necromancy
  1506 | D:2      | Reached skill level 1 in Translocations
  1506 | D:2      | Reached skill level 1 in Transmutations
  1506 | D:2      | Reached skill level 1 in Ice Magic
  1506 | D:2      | Reached skill level 1 in Air Magic
  1506 | D:2      | Reached skill level 1 in Earth Magic
  1506 | D:2      | Reached skill level 1 in Poison Magic
  1611 | D:2      | Noticed Terence
  1656 | D:1      | Killed Terence
  1657 | D:1      | Reached XP level 5. HP: 40/47 MP: 0/9
  2011 | D:2      | You pick up a book of Weapons and begin reading...
  2011 | D:2      | You add the spells Portal Projectile, Excruciating Wounds
                  | and Blade Hands to your library.
  2182 | D:2      | Found a faded altar of an unknown god.
  2554 | D:3      | Identified the ring "Uhuenax" {rPois rF+ rCorr MP-9 Dex+5}
  2701 | D:3      | Noticed a water moccasin
  2705 | D:3      | Killed a water moccasin
  2706 | D:3      | Reached skill level 2 in Short Blades
  2706 | D:3      | Reached skill level 2 in Axes
  2706 | D:3      | Reached skill level 2 in Maces & Flails
  2706 | D:3      | Reached skill level 2 in Polearms
  2706 | D:3      | Reached skill level 2 in Staves
  2706 | D:3      | Reached skill level 2 in Slings
  2706 | D:3      | Reached skill level 2 in Bows
  2706 | D:3      | Reached skill level 2 in Crossbows
  2706 | D:3      | Reached skill level 2 in Throwing
  2706 | D:3      | Reached skill level 2 in Armour
  2706 | D:3      | Reached skill level 2 in Dodging
  2706 | D:3      | Reached skill level 2 in Stealth
  2706 | D:3      | Reached skill level 2 in Shields
  2706 | D:3      | Reached skill level 2 in Unarmed Combat
  2706 | D:3      | Reached skill level 2 in Invocations
  2706 | D:3      | Reached skill level 2 in Evocations
  2706 | D:3      | Reached XP level 6. HP: 53/53 MP: 5/11
  3527 | D:3      | Found a shimmering blue altar of Sif Muna.
  3555 | D:3      | Reached XP level 7. HP: 49/59 MP: 5/12
  4042 | D:4      | Reached skill level 7 in Fighting
  4042 | D:4      | Reached skill level 7 in Long Blades
  4107 | D:4      | Found a staircase to the Ecumenical Temple.
  4422 | D:4      | Reached skill level 2 in Conjurations
  4422 | D:4      | Reached skill level 2 in Hexes
  4422 | D:4      | Reached skill level 2 in Summonings
  4422 | D:4      | Reached skill level 2 in Necromancy
  4422 | D:4      | Reached skill level 2 in Translocations
  4422 | D:4      | Reached skill level 2 in Transmutations
  4422 | D:4      | Reached skill level 2 in Ice Magic
  4422 | D:4      | Reached skill level 2 in Air Magic
  4422 | D:4      | Reached skill level 2 in Earth Magic
  4422 | D:4      | Reached skill level 2 in Poison Magic
  4838 | D:4      | Found a shimmering altar of Xom.
  4839 | D:4      | Found a hazy altar of Hepliaklqana.
  4840 | D:4      | Noticed a spectral ugly thing
  5263 | D:5      | Entered Level 5 of the Dungeon
  5367 | D:4      | Reached skill level 4 in Spellcasting
  5367 | D:4      | Reached skill level 3 in Invocations
  5586 | D:5      | Found a white marble altar of Elyvilon.
  5589 | D:5      | Reached skill level 6 in Fire Magic
  5589 | D:5      | Reached XP level 8. HP: 67/67 MP: 9/14
  5613 | D:5      | Reached skill level 3 in Short Blades
  5613 | D:5      | Reached skill level 3 in Axes
  5613 | D:5      | Reached skill level 3 in Maces & Flails
  5613 | D:5      | Reached skill level 3 in Polearms
  5613 | D:5      | Reached skill level 3 in Staves
  5613 | D:5      | Reached skill level 3 in Slings
  5613 | D:5      | Reached skill level 3 in Bows
  5613 | D:5      | Reached skill level 3 in Crossbows
  5613 | D:5      | Reached skill level 3 in Throwing
  5613 | D:5      | Reached skill level 3 in Armour
  5613 | D:5      | Reached skill level 3 in Dodging
  5613 | D:5      | Reached skill level 3 in Stealth
  5613 | D:5      | Reached skill level 3 in Shields
  5613 | D:5      | Reached skill level 3 in Unarmed Combat
  5613 | D:5      | Reached skill level 3 in Evocations
  5829 | D:5      | Found a broken altar of Ashenzari.
  6058 | D:5      | Identified the +1 dagger of the Scorpion {venom, Int+2}
  6838 | D:6      | Found Bekkuoc's Book Shoppe.
  6915 | D:5      | Reached skill level 3 in Conjurations
  6915 | D:5      | Reached skill level 3 in Hexes
  6915 | D:5      | Reached skill level 3 in Summonings
  6915 | D:5      | Reached skill level 3 in Necromancy
  6915 | D:5      | Reached skill level 3 in Translocations
  6915 | D:5      | Reached skill level 3 in Transmutations
  6915 | D:5      | Reached skill level 3 in Ice Magic
  6915 | D:5      | Reached skill level 3 in Air Magic
  6915 | D:5      | Reached skill level 3 in Earth Magic
  6915 | D:5      | Reached skill level 3 in Poison Magic
  6915 | D:5      | Reached skill level 4 in Invocations
  7410 | D:6      | Reached XP level 9. HP: 69/71 MP: 11/16
  7473 | D:6      | You add the spells Conjure Flame, Ignite Poison and Sticky
                  | Flame to your library.
  7488 | D:6      | Bought a book of Conjurations for 240 gold pieces
  7488 | D:6      | You pick up a book of Conjurations and begin reading...
  7488 | D:6      | You add the spells Magic Dart, Searing Ray and Fulminant
                  | Prism to your library.
  7490 | D:6      | Learned a level 1 spell: Magic Dart
  7493 | D:6      | Learned a level 2 spell: Searing Ray
  7497 | D:6      | Found Ikissaf's Magic Scroll Emporium.
  7512 | D:6      | Bought a scroll of identify for 22 gold pieces
  7530 | D:6      | Found a bloodstained altar of Trog.
  7699 | D:6      | Reached skill level 4 in Short Blades
  7699 | D:6      | Reached skill level 4 in Axes
  7699 | D:6      | Reached skill level 4 in Maces & Flails
  7699 | D:6      | Reached skill level 4 in Polearms
  7699 | D:6      | Reached skill level 4 in Staves
  7699 | D:6      | Reached skill level 4 in Slings
  7699 | D:6      | Reached skill level 4 in Bows
  7699 | D:6      | Reached skill level 4 in Crossbows
  7699 | D:6      | Reached skill level 4 in Throwing
  7699 | D:6      | Reached skill level 4 in Armour
  7699 | D:6      | Reached skill level 4 in Dodging
  7699 | D:6      | Reached skill level 4 in Stealth
  7699 | D:6      | Reached skill level 4 in Shields
  7699 | D:6      | Reached skill level 4 in Unarmed Combat
  7699 | D:6      | Reached skill level 4 in Evocations
  7799 | D:6      | Reached skill level 5 in Spellcasting
  7979 | D:6      | Found Hommuom's Armour Shoppe.
  8058 | D:6      | Found Hicao's Magic Scroll Shop.
  8374 | D:6      | Noticed Sigmund
  8406 | D:6      | Killed Sigmund
  8450 | D:6      | Found Gutabili's Antique Weapon Emporium.
  8742 | D:7      | Noticed a cyclops
  8746 | D:7      | HP: 13/74 [cyclops/large rock (42)]
  8755 | D:7      | HP: 17/74 [centaur/arrow (6)]
  8757 | D:7      | HP: 6/74 [centaur/arrow (6)]
  9095 | D:7      | Killed a cyclops
  9096 | D:7      | Reached skill level 8 in Fighting
  9096 | D:7      | Reached skill level 8 in Long Blades
  9096 | D:7      | Reached skill level 5 in Invocations
  9371 | D:7      | Found a runed translucent gate.
  9371 | D:7      | Found a runed translucent gate.
  9371 | D:7      | Found a runed translucent gate.
  9372 | D:7      | Noticed a kobold demonologist
  9372 | D:7      | Noticed Anonymone's ghost (novice DsVM)
  9464 | D:7      | Found an opulent altar of Gozag.
  9480 | D:7      | HP: 5/74 [orc warrior (15)]
  9644 | D:7      | Found a glowing silver altar of Zin.
  9735 | D:7      | Identified the +0 robe of Atefreg {rPois rCorr Dex+2}
 10086 | D:8      | Reached XP level 10. HP: 77/80 MP: 12/18
 10129 | D:8      | Reached skill level 4 in Conjurations
 10129 | D:8      | Reached skill level 4 in Hexes
 10129 | D:8      | Reached skill level 4 in Summonings
 10129 | D:8      | Reached skill level 4 in Necromancy
 10129 | D:8      | Reached skill level 4 in Translocations
 10129 | D:8      | Reached skill level 4 in Transmutations
 10129 | D:8      | Reached skill level 4 in Ice Magic
 10129 | D:8      | Reached skill level 4 in Air Magic
 10129 | D:8      | Reached skill level 4 in Earth Magic
 10129 | D:8      | Reached skill level 4 in Poison Magic
 10405 | D:8      | Reached skill level 5 in Short Blades
 10405 | D:8      | Reached skill level 5 in Axes
 10405 | D:8      | Reached skill level 5 in Maces & Flails
 10405 | D:8      | Reached skill level 5 in Polearms
 10405 | D:8      | Reached skill level 5 in Staves
 10405 | D:8      | Reached skill level 5 in Slings
 10405 | D:8      | Reached skill level 5 in Bows
 10405 | D:8      | Reached skill level 5 in Crossbows
 10405 | D:8      | Reached skill level 5 in Throwing
 10405 | D:8      | Reached skill level 5 in Armour
 10405 | D:8      | Reached skill level 5 in Dodging
 10405 | D:8      | Reached skill level 5 in Stealth
 10405 | D:8      | Reached skill level 5 in Shields
 10405 | D:8      | Reached skill level 5 in Unarmed Combat
 10405 | D:8      | Reached skill level 5 in Evocations
 10507 | D:8      | HP: 10/81 [orc warrior (12)]
 10508 | D:8      | Slain by an orc warrior

Vanquished Creatures
  A cyclops (D:7)
  Sigmund (D:6)
  A wraith (D:8)
  4 water moccasins
  An orc warrior (D:7)
  A black bear (D:5)
  A necrophage (D:4)
  2 centaurs (D:8)
  A phantom (D:6)
  2 kobold brigands (D:8)
  2 bullfrogs
  A wyvern zombie (D:6)
  2 scorpions
  A gnoll sergeant (D:7)
  A wyvern skeleton (D:6)
  2 water moccasin zombies (D:5)
  2 jellies (D:6)
  9 wights
  A centaur zombie (D:6)
  4 hounds
  5 orc priests
  A centaur skeleton (D:5)
  A bullfrog skeleton (D:6)
  4 iguanas
  Jessica (D:2)
  Terence (D:1)
  6 orc wizards
  4 adders
  9 gnolls
  A river rat (D:4)
  A white imp (D:8)
  2 adder skeletons (D:4)
  4 worms
  35 orcs
  8 ball pythons
  7 endoplasms
  3 giant cockroaches
  10 goblins
  7 hobgoblins
  10 jackals
  11 kobolds
  2 quokkas
  6 bats
  5 frilled lizards
  9 rats
193 creatures vanquished.

Vanquished Creatures (others)
  120 foxfires
120 creatures vanquished.

Grand Total: 313 creatures vanquished

Table legend:
 A = Non-vault XP
 B = Vault XP
 C = Vault XP percentage of total XP
 D = Non-vault monster count
 E = Vault monster count
 F = Vault count percentage of total count
                 A         B        C        D         E       F
            +---------+---------+-------+---------+---------+-------
      Total |    4402 |     821 |  15.7 |     171 |      22 |  11.4
            +---------+---------+-------+---------+---------+-------
        D:1 |      40 |      36 |  47.4 |      23 |       1 |   4.2
        D:2 |      87 |      47 |  35.1 |      18 |       5 |  21.7
        D:3 |     408 |      71 |  14.8 |      26 |       2 |   7.1
        D:4 |     404 |      21 |   4.9 |      25 |       8 |  24.2
        D:5 |    1298 |       0 |   0.0 |      36 |       0 |   0.0
        D:6 |     778 |     356 |  31.4 |      16 |       3 |  15.8
        D:7 |    1007 |       0 |   0.0 |      18 |       0 |   0.0
        D:8 |     380 |     290 |  43.3 |       9 |       3 |  25.0
            +---------+---------+-------+---------+---------+-------

Illustrated notes

Table legend:
 A = Kills in this place as a percentage of kills in entire the game.
 B = Kills by you in this place as a percentage of kills by you in the entire game.
 C = Kills by friends in this place as a percentage of kills by friends in the entire game.
 D = Other kills in this place as a percentage of other kills in the entire game.
 E = Experience gained in this place as a percentage of experience gained in the entire game.
 F = Experience gained in this place divided by the number of levels of this place that you have seen.
                   A       B       C       D       E      F
               +-------+-------+-------+-------+-------+----------------------
         Total | 100.0 | 100.0 |   N/A |   N/A | 100.0 | 652.9
       Dungeon | 100.0 | 100.0 |   N/A |   N/A | 100.0 | 652.9
               +-------+-------+-------+-------+-------+----------------------

Table legend: (Time is in decaauts)
 A = Elapsed time spent in this place.
 B = Non-inter-level travel time spent in this place.
 C = Inter-level travel time spent in this place.
 D = Time resting spent in this place.
 E = Time spent auto-exploring this place.
 F = Levels seen in this place.
 G = Mean time per level.
                   A        B        C        D        E       F      G
               +--------+--------+--------+--------+--------+-----+--------+
         Total |  10555 |   9988 |    567 |   2577 |   4985 |   8 | 1319.4 |
       Dungeon |  10555 |   9988 |    567 |   2577 |   4985 |   8 | 1319.4 |
               +--------+--------+--------+--------+--------+-----+--------+

Top non-repeatable levels by time:
     D:5: 2251 daAuts
     D:6: 1548 daAuts
     D:3: 1521 daAuts
     D:1: 1476 daAuts
     D:4: 1240 daAuts
     D:2: 1053 daAuts
     D:7: 1008 daAuts
     D:8: 456 daAuts
